 Dungeon Crawl Stone Soup version 0.14-a0-2432-g6b3afca (webtiles) character file.

6173 MackTheKnife the Cleaver (level 10, -2/88 HPs)
             Began as a Minotaur Fighter on Feb 4, 2014.
             Was a Priest of Okawaru.
             Killed by divine providence
             ... invoked by an orc priest
              (14 damage)
             ... on Level 9 of the Dungeon.
             The game lasted 00:15:46 (8422 turns).

MackTheKnife the Cleaver (Minotaur Fighter)         Turns: 8422, Time: 00:15:47

HP  -2/88        AC  9     Str 26      XL: 10   Next: 53%
MP   4/4         EV  9     Int  5      God: Okawaru [***...]
Gold 271         SH  0     Dex 13      Spells:  0 memorised,  9 levels left

rFire  . . .     SeeInvis .     y - +3,+2 dwarf battleaxe (chop)
rCold  . . .     Clarity  .     b - +0 scale mail
rNeg   . . .     Conserve .     (no shield)
rPois  .         rCorr    .     (helmet restricted)
rElec  .         rRot     .     (no cloak)
SustAb . .       Spirit   .     a - +0 pair of orc gloves
rMut   .         Warding  .     (no boots)
Saprov . . .     Stasis   .     (no amulet)
MR     +....                    s - ring of protection from magic {unknown}
                                i - cursed ring of sustenance

@: mighty, somewhat resistant to hostile enchantments, extremely unstealthy
A: retaliatory headbutt, horns 2
a: Heroism, Renounce Religion


You were on level 9 of the Dungeon.
You worshipped Okawaru.
Okawaru was most pleased with you.
You were not hungry.

You visited 2 branches of the dungeon, and saw 10 of its levels.

You collected 415 gold pieces.
You spent 144 gold pieces at shops.


Innate Abilities, Weirdness & Mutations

You reflexively headbutt those who attack you in melee.
You have a pair of horns on your head.


   Skills:
 - Level 7.7 Fighting
 + Level 13.0 Axes
 - Level 8.7 Maces & Flails
 - Level 7.9 Armour
   Level 8.1 Shields


You had 9 spell levels left.
You didn't know any spells.

Inventory:

Hand weapons
 y - a +3,+2 dwarven battleaxe of chopping (weapon)
 A - a +1,+2 dwarven flail
Armour
 a - a +0 pair of orcish gloves (worn)
 b - a +0 scale mail (worn)
 c - a +0 shield
Magical devices
 E - a wand of fire (4)
 F - a wand of frost (17) {unknown}
 G - a wand of invisibility (5)
Comestibles
 d - 2 bread rations
 g - 18 cheeses
 j - a beef jerky
 m - an apple
 o - a honeycomb
 t - a meat ration
 v - a sausage
 B - a lemon
Scrolls
 f - 2 scrolls of teleportation
 h - a scroll of enchant weapon I
 D - 3 scrolls of curse jewellery {unknown}
Jewellery
 i - a cursed ring of sustenance (left hand)
 s - a ring of protection from magic (right hand) {unknown}
 z - an uncursed ring of wizardry
Potions
 e - a potion of restore abilities {unknown}
 k - a potion of degeneration {unknown}
 l - a potion of magic {unknown}
 n - 2 potions of might
 r - a potion of curing
 x - a potion of flight {unknown}
 C - 3 potions of poison {unknown}
Books
 u - a Young Poisoner's Handbook

   Spells                             Type                      Level
   Sting                              Conjuration/Poison           1
   Cure Poison                        Poison                       2
   Mephitic Cloud                     Conjuration/Poison/Air       3
   Olgreb's Toxic Radiance            Poison                       4
   Venom Bolt                         Conjuration/Poison           5

▒·▒ ▒·▒ ▒▒%▒▒▒▒▒
▒▒▒▒▒▒······▒
··▒▒▒▒▒▒▒▒▒▒▒▒▒·········(·▒
··o·o····((···············'·>
·▒▒▒▒▒▒▒▒▒▒▒o·············▒▒▒
▒▒▒o··▒▒▒▒▒······▒
▒·)H······▒······▒
▒·········▒······▒
+·········▒······▒
▒·········▒▒+▒▒ ▒······▒▒▒▒
▒······▒ ▒······▒ ▒······▒
▒▒▒▒▒+▒


You could see an orc priest and an orc.


Message History

The orc warrior hits you with an orcish scimitar!
* * * LOW HITPOINT WARNING * * *
You hit the orc warrior.
The orc warrior is almost dead.
The orc warrior closely misses you. The orc priest completely misses you.
You barely miss the orc warrior.
You headbutt the orc warrior, but do no damage.
The orc warrior is almost dead.
The orc warrior hits you with an orcish scimitar!
* * * LOW HITPOINT WARNING * * *
The orc priest calls upon Beogh to heal the orc warrior.
The orc warrior is healed somewhat.
Read which item? (? for menu, Esc to quit)
Okay, then.
Drink which item? (? for menu, Esc to quit)
You feel better. The orc priest barely misses you.
Drink which item? (? for menu, Esc to quit)
You feel very mighty all of a sudden. The orc warrior barely misses you.
You slash the orc warrior!
You kill the orc warrior!
Okawaru accepts your kill.
Your Axes skill increases to level 13!
The orc priest hits you from afar with an orcish trident.
* * * LOW HITPOINT WARNING * * *
An orc comes into view. It is wielding an orcish whip.
The orc shouts!
The orc priest mumbles some strange prayers to Beogh against you.
Something smites you!
You die...

Action                   |  1- 3 |  4- 6 |  7- 9 | 10-12 || total
-------------------------+-------+-------+-------+-------++-------
Melee: Mace              |    89 |    35 |       |       ||   124
       Flail             |       |   141 |   353 |    13 ||   507
       Battleaxe         |       |       |    21 |    65 ||    86
Evoke: Wand              |       |     1 |     5 |     5 ||    11
  Use: Scroll            |       |     7 |    11 |     1 ||    19
       Potion            |       |       |     1 |     2 ||     3

Vault maps used:
D:1:      mrwooster_arrival_statue
D:2:      first_bread
D:3:      lemuel_round_altar, uniq_natasha
D:4:      yredelemnul_forgotten_temple_becter, tso_metal_star
D:6:      elyvilon_altar_2, hangedman_abyss_or_decor_stagger
D:7:      tgw_sif, gammafunk_temple_overflow_statue,
          minmay_temple_entry_purple_smoke, grunt_rat_hole,
          david_defended_altar_elf
D:8:      serial_shops, shop_coins, nemelex_dance_club_becter
D:9:      nicolae_overflow_hidden_temple, zin_treasury, erik_lair_island,
          uniq_grum
Temple:   circular_temple_6

Notes
Turn   | Place    | Note
--------------------------------------------------------------
     0 | D:1      | MackTheKnife, the Minotaur Fighter, began the quest for the Orb.
     0 | D:1      | Reached XP level 1. HP: 19/19 MP: 1/1
    77 | D:1      | Reached skill level 3 in Maces & Flails
   138 | D:1      | Reached XP level 2. HP: 23/26 MP: 1/1
   459 | D:1      | Reached skill level 4 in Maces & Flails
   576 | D:2      | Reached XP level 3. HP: 21/31 MP: 2/2
  1005 | D:2      | Reached skill level 5 in Maces & Flails
  1016 | D:2      | Reached XP level 4. HP: 25/39 MP: 2/2
  1340 | D:3      | Noticed Natasha
  1348 | D:3      | Killed Natasha
  1348 | D:3      | Reached skill level 6 in Maces & Flails
  1717 | D:3      | Found a blossoming altar of Fedhas.
  1718 | D:3      | Noticed Natasha
  1724 | D:3      | Killed Natasha
  1724 | D:3      | Reached XP level 5. HP: 30/45 MP: 2/2
  2045 | D:4      | Noticed an ogre
  2053 | D:4      | Killed an ogre
  2053 | D:4      | Reached skill level 7 in Maces & Flails
  2092 | D:4      | Reached XP level 6. HP: 49/51 MP: 3/3
  2103 | D:4      | Found a glowing golden altar of the Shining One.
  2185 | D:4      | Reached skill level 8 in Maces & Flails
  2370 | D:4      | HP: 3/51 [gnoll/flail (9)]
  2633 | D:3      | Noticed Natasha
  2638 | D:3      | Killed Natasha
  2901 | D:4      | Found a basalt altar of Yredelemnul.
  3061 | D:5      | Entered Level 5 of the Dungeon
  3128 | D:5      | Reached skill level 4 in Armour
  3128 | D:5      | Reached skill level 4 in Shields
  3422 | D:5      | Reached skill level 4 in Fighting
  3481 | D:5      | Reached XP level 7. HP: 51/59 MP: 3/3
  3656 | D:5      | Reached skill level 5 in Armour
  3656 | D:5      | Reached skill level 5 in Shields
  3900 | D:6      | Reached skill level 5 in Fighting
  4251 | D:6      | Reached XP level 8. HP: 69/69 MP: 3/3
  4296 | D:6      | Found a white marble altar of Elyvilon.
  4489 | D:7      | Reached skill level 6 in Shields
  4543 | D:7      | Found a staircase to the Ecumenical Temple.
  4562 | D:7      | Reached skill level 6 in Fighting
  4587 | D:7      | Reached skill level 6 in Armour
  4808 | D:7      | Found a deep blue altar of Sif Muna.
  4919 | D:7      | Found a sparkling altar of Nemelex Xobeh.
  4920 | D:7      | Found a burning altar of Makhleb.
  4969 | Temple   | Entered the Ecumenical Temple
  4983 | Temple   | Became a worshipper of Warmaster Okawaru
  5194 | D:7      | Found a basalt altar of Yredelemnul.
  5212 | D:7      | Noticed a hill giant
  5217 | D:7      | Killed a hill giant
  5217 | D:7      | Acquired Okawaru's first power
  5217 | D:7      | Reached skill level 7 in Fighting
  5217 | D:7      | Reached skill level 7 in Armour
  5217 | D:7      | Reached skill level 7 in Shields
  5370 | D:7      | Reached XP level 9. HP: 71/80 MP: 4/4
  5738 | D:8      | Reached skill level 8 in Shields
  6098 | D:8      | Found Yptod's Magical Wand Boutique.
  6116 | D:8      | Bought a wand of invisibility (5) for 144 gold pieces
  6137 | D:8      | Reached skill level 3 in Axes
  6315 | D:8      | Reached skill level 4 in Axes
  6322 | D:8      | Reached skill level 5 in Axes
  6617 | D:8      | Reached skill level 6 in Axes
  6637 | D:8      | Reached skill level 7 in Axes
  6740 | D:8      | Found a sparkling altar of Nemelex Xobeh.
  6768 | D:8      | Reached skill level 8 in Axes
  6878 | D:8      | Reached skill level 9 in Axes
  6996 | D:9      | Noticed Grum
  7008 | D:9      | Reached skill level 10 in Axes
  7022 | D:9      | Killed Grum
  7240 | D:9      | Reached XP level 10. HP: 48/88 MP: 4/4
  7466 | D:9      | Reached skill level 11 in Axes
  8120 | D:9      | Reached skill level 12 in Axes
  8421 | D:9      | Reached skill level 13 in Axes
  8422 | D:9      | Killed from afar by an orc priest

Vanquished Creatures
  A hill giant (D:7)
  A shark (D:9)
  6 yaks (D:9)
  Grum (D:9)
  6 wolves (D:9)
  A hippogriff (D:8)
  2 sky beasts
  2 orc warriors (D:9)
  An ice beast (D:8)
  A black bear (D:8)
  A necrophage (D:8)
  2 phantoms
  2 centaurs
  3 ogres
  4 giant frogs
  5 wights (D:8)
  7 crimson imps
  A goliath beetle (D:8)
  6 orc priests
  A jelly (D:8)
  7 worker ants
  9 hounds
  8 orc wizards
  Natasha (thrice) (D:3)
  An orange rat (D:7)
  A scorpion (D:5)
  A mummy (D:9)
  10 gnolls
  3 green rats (D:7)
  2 orc zombies
  11 adders
  6 worms
  4 grey rats (D:7)
  An orc skeleton (D:6)
  A giant eyeball (D:4)
  2 giant geckos (D:1)
  2 oozes
  17 orcs
  6 giant cockroaches
  9 goblins
  11 hobgoblins
  7 jackals
  3 ball pythons
  13 bats
  A giant gecko skeleton (D:7)
  5 giant newts
  A hobgoblin skeleton (D:4)
  13 kobolds
  A kobold skeleton (D:6)
  A kobold zombie (D:5)
  7 quokkas
  11 rats
  A spectral orc (D:4)
233 creatures vanquished.

Vanquished Creatures (others)
  An orc wizard (D:7)
  A goblin (D:6)
2 creatures vanquished.

Grand Total: 235 creatures vanquished
